 Dungeon Crawl Stone Soup version 0.31-a0-16-g6d2539766c (webtiles) character file.

Game seed: 3330587688902487915

2968 BlasphemerAmon the Covert (level 9, -1/62 HPs)
             Began as an Octopode Monk on May 8, 2023.
             Was a Priest of Fedhas.
             Slain by a yak (3 damage)
             ... while paralysed by a hornet
             ... on level 7 of the Dungeon.
             The game lasted 00:09:29 (5818 turns).

BlasphemerAmon the Covert (Octopode Monk)           Turns: 5818, Time: 00:09:30

Health: -1/62      AC:  1    Str: 16    XL:     9   Next: 82%
Magic:  0/12       EV:  2    Int: 12    God:    Fedhas [***...]
Gold:   267        SH:  0    Dex: 28    Spells: 8/8 levels left

rFire   . . .        g - +7 dagger of the Well-Known Bones {speed, rElec Str+5 Dex+4}
rCold   . . .        (no shield)
rNeg    . . .        (helmet restricted)
rPois   .            y - amulet of guardian spirit
rElec   +            v - +6 ring of dexterity
rCorr   .            (no ring)
SInv    .            (no ring)
Will    .....        (no ring)
Stlth   +++          (no ring)
HPRegen 0.30/turn    (no ring)
MPRegen 0.13/turn    (no ring)
                     (no ring)

%: guardian spirit
@: confused, paralysed, lethally poisoned (-1 -> -13), ambrosia-drunk, slowed
A: almost no armour, amphibious, 8 rings, camouflage 1, gelatinous body 1,
(nimble swimmer 1), tentacles
a: Renounce Religion, Wall of Briars, Grow Ballistomycete


You were on level 7 of the Dungeon.
You worshipped Fedhas.
Fedhas was most pleased with you.
You visited 1 branch of the dungeon, and saw 7 of its levels.

You collected 267 gold pieces.

Inventory:

Hand Weapons
 a - a +0 short sword
 g - the +7 dagger of the Well-Known Bones (weapon) {speed, rElec Str+5 Dex+4}
   (You acquired it on level 3 of the Dungeon)

   Str:       It affects your strength (+5).
   Dex:       It affects your dexterity (+4).
   rElec:     It insulates you from electricity.
Missiles
 E - 3 boomerangs of dispersal (quivered)
Armour
 c - an orb of light
Jewellery
 v - a +6 ring of dexterity (left tentacle)
 w - a ring of positive energy
 x - a ring of positive energy
 y - an amulet of guardian spirit (around mantle)
Wands
 r - a wand of quicksilver (7)
 s - a wand of polymorph (6)
 C - a wand of charming (10)
Scrolls
 e - 4 scrolls of teleportation
 f - a scroll of fog {unknown}
 i - a scroll of magic mapping
 j - a scroll of blinking {unknown}
 k - 2 scrolls of poison {unknown}
 m - 2 scrolls of noise {unknown}
 n - a scroll of fear {unknown}
 o - a scroll of enchant armour {unknown}
 q - a scroll of enchant weapon {unknown}
 t - 2 scrolls of silence {unknown}
 u - 2 scrolls of vulnerability {unknown}
 B - a scroll of amnesia {unknown}
 F - a scroll of identify
Potions
 h - a potion of might
 l - a potion of lignification
 p - 3 potions of curing
 z - a potion of degeneration
 A - a potion of berserk rage
 D - a potion of attraction {unknown}


   Skills:
 + Level 6.2 Fighting
 + Level 6.1 Short Blades
 + Level 6.2 Dodging
 + Level 11.1 Stealth
 + Level 5.3 Invocations


You had 8 spell levels left.
You didn't know any spells.
Your spell library contained the following spells:

 Spells                   Type           Power      Damage    Failure   Level
 Portal Projectile        Hex/Tloc       0%         N/A       69%         3
 Tukima's Dance           Hex            0%         N/A       69%         3
 Blade Hands              Tmut           0%         N/A       100%        5


Dungeon Overview and Level Annotations

Branches:
Dungeon (7/15)
 Temple: D:4-7

Altars:
Fedhas

Shops:
D:2 (=   D:3 (


Innate Abilities, Weirdness & Mutations

You cannot wear most types of armour.
You are amphibious.
You can wear up to eight rings at the same time.
Your skin changes colour to match your surroundings (Stealth+).
Your rubbery body absorbs attacks. (AC +1, EV +1)
((You are camouflaged when in or above water. (Stealth+)))
You have tentacles for arms and can constrict up to eight enemies at once.


Message History

Found 6 stones, a scale mail and a manual of Translocations.
Found a stone staircase leading up.
There is a stone staircase leading up here.
The yak bellows!
The hornet buzzes angrily.
The yak bellows! x4
You puncture the yak!
The yak is lightly wounded.
The hornet stings you.
You feel yourself slow down.
You see here 6 stones.
You feel yourself speed up. The hornet completely misses you.
The yak gores you but does no damage. The hornet misses you.
The yak closely misses you. The yak misses you.
There is a stone staircase leading up here.
The hornet stings you!
You suddenly lose the ability to move!
You stop ascending the stairs.
The hornet stings you!
You feel yourself slow down. The yak gores you. The yak gores you!
The hornet stings you.
You feel as though you will be slow longer.
The yak gores you. The yak gores you but does no damage. The yak gores you!
* * * LOW HITPOINT WARNING * * *
The yak gores you!
* * * LOW HITPOINT WARNING * * *
The yak gores you.
* * * LOW HITPOINT WARNING * * *
You can move again.
You are confused.
You feel invigorated.
The hornet misses you. x2; The yak closely misses you.
The yak gores you!
* * * LOW HITPOINT WARNING * * *
The yak barely misses you. x2
The hornet stings you!
* * * LOW HITPOINT WARNING * * *
You suddenly lose the ability to move!
You stop ascending the stairs.
The hornet stings you.
* * * LOW HITPOINT WARNING * * *
You are lethally poisoned!
You feel as though you will be slow longer.
The yak gores you.
You die...
Fedhas appreciates your contribution to the ecosystem.

## .###
##.#####...
..........#
..:<......#
..........#
..........######
.......YYY......
.......Y@y#
.......YY.#
.[........#
..........#
.##########


You could see 6 yaks and a hornet.

Vanquished Creatures
  Maggie (D:6)
  Prince Ribbit (D:6)
  5 yaks (D:5)
  Menkaure (D:6)
  An orc warrior (D:6)
  2 ice beasts (D:6)
  A sky beast (D:6)
  An ogre (D:6)
  A centaur (D:5)
  A phantom (D:6)
  3 scorpions
  4 hounds
  2 jellies
  2 orc priests
  Ijyb (D:3)
  Natasha (thrice) (D:3)
  3 iguanas
  3 orc wizards
  14 gnolls
  6 adders
  A worm (D:4)
  2 dart slugs
  14 orcs
  5 bats
  5 endoplasms
  4 giant cockroaches
  2 goblins
  8 hobgoblins
  2 jackals (D:4)
  3 quokkas
  9 ball pythons
  7 frilled lizards
  3 kobolds
  4 rats
125 creatures vanquished.

Vanquished Creatures (collateral kills)
  A yak (D:5)
1 creature vanquished.

Vanquished Creatures (others)
  A sky beast (D:6)
  A scorpion (D:6)
2 creatures vanquished.

Grand Total: 128 creatures vanquished

Notes
Turn   | Place    | Note
-------+----------+-------------------------------------------
     0 | D:1      | BlasphemerAmon the Octopode Monk began the quest for the
                  | Orb.
     0 | D:1      | Reached XP level 1. HP: 16/16 MP: 1/1
   159 | D:1      | Reached skill level 1 in Stealth
   222 | D:1      | Reached skill level 2 in Stealth
   228 | D:1      | Reached XP level 2. HP: 21/21 MP: 2/2
   312 | D:1      | Reached skill level 3 in Stealth
   346 | D:1      | Reached XP level 3. HP: 21/26 MP: 3/3
   443 | D:1      | Reached skill level 4 in Stealth
  1066 | D:2      | Found Latugos's Weapon Emporium.
  1084 | D:2      | Reached skill level 5 in Stealth
  1148 | D:2      | Found But Xomp's One-of-a-Kind Rings.
  1205 | D:3      | Reached XP level 4. HP: 27/31 MP: 4/4
  1384 | D:3      | Noticed Ijyb
  1411 | D:3      | Killed Ijyb
  1412 | D:3      | Reached skill level 6 in Stealth
  1843 | D:3      | Identified a scroll of acquirement
  1844 | D:3      | Acquired the +7 dagger of the Well-Known Bones {speed,
                  | rElec Str+5 Dex+4}
  1857 | D:3      | Noticed Natasha
  1863 | D:3      | Killed Natasha
  1864 | D:3      | Reached XP level 5. HP: 36/36 MP: 5/5
  1900 | D:3      | Found Ocussiud's Weapon Shop.
  1903 | D:3      | Reached skill level 7 in Stealth
  2163 | D:3      | Noticed Natasha
  2170 | D:3      | Killed Natasha
  2273 | D:3      | Noticed Natasha
  2282 | D:3      | Killed Natasha
  2283 | D:3      | Reached skill level 8 in Stealth
  2283 | D:3      | Reached XP level 6. HP: 42/42 MP: 6/6
  2642 | D:4      | Found a blossoming altar of Fedhas.
  2650 | D:4      | Reached XP level 7. HP: 39/46 MP: 7/7
  2838 | D:4      | Became a worshipper of Fedhas Madash
  2838 | D:4      | Reached * piety under Fedhas
  2838 | D:4      | Reached ** piety under Fedhas
  2860 | D:5      | Entered Level 5 of the Dungeon
  3145 | D:5      | Reached skill level 1 in Invocations
  3370 | D:5      | Reached skill level 9 in Stealth
  3949 | D:6      | Noticed Maggie
  3962 | D:6      | Killed Maggie
  3963 | D:6      | Reached XP level 8. HP: 45/54 MP: 6/10
  3963 | D:6      | Noticed a yak
  3965 | D:6      | Noticed a yak
  3965 | D:6      | Noticed a yak
  3965 | D:6      | Noticed a yak
  3965 | D:6      | Noticed a yak
  3968 | D:6      | Noticed a yak
  4294 | D:5      | Killed a yak
  4310 | D:5      | Killed a yak
  4585 | D:5      | Killed a yak
  4586 | D:5      | Reached skill level 5 in Fighting
  4586 | D:5      | Reached skill level 5 in Short Blades
  4586 | D:5      | Reached skill level 5 in Dodging
  4590 | D:5      | Killed a yak
  4591 | D:5      | Reached skill level 10 in Stealth
  4674 | D:5      | Killed a yak
  4675 | D:5      | Reached XP level 9. HP: 35/61 MP: 2/12
  4977 | D:6      | Noticed Menkaure
  4983 | D:6      | Killed Menkaure
  5184 | D:6      | Reached *** piety under Fedhas
  5213 | D:6      | Noticed Prince Ribbit
  5226 | D:6      | Killed Prince Ribbit
  5274 | D:6      | Reached skill level 5 in Invocations
  5432 | D:6      | Reached skill level 11 in Stealth
  5809 | D:7      | Noticed a hornet
  5815 | D:7      | Paralysed by a hornet for 2 turns
  5816 | D:7      | HP: 1/62 [yak (5)]
  5818 | D:7      | Paralysed by a hornet for 1 turns
  5818 | D:7      | Slain by a yak

Illustrated notes

Levels and vault maps discovered:
D:1:      dpeg_arrival_simpleton_c, layout_basic, feat_on_display
D:2:      wad_crossroads, layout_loops_cross, serial_shops,
          nicolae_shop_peninsula, nicolae_shop_unique_rings, minivault_11
D:3:      layout_basic, serial_shops, nicolae_shop_tiny_real_fake_doors,
          uniq_ijyb, uniq_natasha
D:4:      layout_rooms, fedhas_altar_fruit_tree
D:5:      layout_loops_ring, skrybe_limestone_x, grunt_decor_fettered
D:6:      layout_rooms, abandoned_shop, grunt_decor_arrowhead,
          uniq_prince_ribbit1, uniq_menkaure, uniq_maggie
D:7:      layout_loops_ring, minmay_temple_entry_statues_pillars,
          grunt_ministairs_9, bh_walls_and_bars

Skill      XL: |  1  2  3  4  5  6  7  8  9 |
---------------+----------------------------+-----
Stealth        | 2 3 5 6 8 9 10 11 | 11.1
Invocations    | 2 4 5 |  5.3
Fighting       | 4 5 6 |  6.2
Short Blades   | 4 5 6 |  6.1
Dodging        | 4 5 6 |  6.2

Action                     |  1- 3 |  4- 6 |  7- 9 || total
---------------------------+-------+-------+-------++-------
  Melee: Short sword       |    70 |    40 |       ||   110
         Constrict         |    18 |    19 |    29 ||    66
         Tentacles         |    14 |    22 |    52 ||    88
         Punch             |     1 |       |     5 ||     6
         Dagger            |       |    50 |   192 ||   242
  Evoke: Wand              |       |       |     1 ||     1
    Use: Scroll            |       |     3 |     7 ||    10
         Potion            |       |       |     3 ||     3
   Stab: Sleeping          |    11 |    10 |     9 ||    30
         Distracted        |       |       |     1 ||     1
 Armour: Skin              |     4 |     3 |     4 ||    11
  Dodge: Dodged            |    36 |    41 |    99 ||   176

Table legend: (Time is in decaauts)
 A = Elapsed time spent in this place.
 B = Non-inter-level travel time spent in this place.
 C = Inter-level travel time spent in this place.
 D = Time resting spent in this place.
 E = Time spent auto-exploring this place.
 F = Levels seen in this place.
 G = Mean time per level.
                   A        B        C        D        E       F      G
               +--------+--------+--------+--------+--------+-----+--------+
         Total |   5687 |   5308 |    379 |   1190 |   3258 |   7 |  812.4 |
       Dungeon |   5687 |   5308 |    379 |   1190 |   3258 |   7 |  812.4 |
               +--------+--------+--------+--------+--------+-----+--------+

Top non-repeatable levels by time:
     D:5: 1932 daAuts
     D:3: 1117 daAuts
     D:6: 926 daAuts
     D:1: 700 daAuts
     D:4: 523 daAuts
     D:2: 479 daAuts
     D:7: 9 daAuts
